 Dungeon Crawl Stone Soup version 0.27.1-4-g1640c2035a (webtiles) character file.

Game seed: 17002139043364555539

205 Crownlay the Chopper (level 5, 0/45 HPs)
             Began as a Hill Orc Fighter on Nov 6, 2021.
             Killed from afar by a white imp (4 damage)
             ... with a puff of frost
             ... summoned by Natasha
             ... on level 4 of the Dungeon.
             The game lasted 00:02:43 (3975 turns).

Crownlay the Chopper (Hill Orc Fighter)             Turns: 3975, Time: 00:02:44

Health: 0/45       AC:  6    Str: 20    XL:     5   Next: 83%
Magic:  5/5        EV:  9    Int:  8    God:
Gold:   132        SH:  0    Dex: 10    Spells: 4/4 levels left

rFire    . . .     SeeInvis .   a - +0 war axe
rCold    . . .     Faith    .   (no shield)
rNeg     . . .     Spirit   .   b - +0 scale mail
rPois    +         Reflect  .   (no helmet)
rElec    .         Harm     .   (no cloak)
rCorr    .         Rampage  .   (no gloves)
Will     .....                  (no boots)
Stlth    ..........             (no amulet)
HPRegen  0.15/turn              s - ring of poison resistance
MPRegen  0.09/turn              (no ring)

@: no status effects
A: no striking features
a: no special abilities


You were on level 4 of the Dungeon.
You visited 1 branch of the dungeon, and saw 4 of its levels.

You collected 132 gold pieces.

Inventory:

Hand Weapons
 a - a +0 war axe (weapon)
Armour
 b - a +0 scale mail (worn)
 c - a +0 kite shield
 i - a +0 tower shield
Jewellery
 s - a ring of poison resistance (left hand)
Scrolls
 f - 3 scrolls of silence {unknown}
 h - 4 scrolls of identify {unknown}
 l - a scroll of brand weapon {unknown}
 o - 2 scrolls of fear {unknown}
 q - a scroll of teleportation {unknown}
 u - a scroll of amnesia {unknown}
Potions
 d - a potion of might
 e - 2 potions of flight {unknown}
 g - a potion of lignification {unknown}
 j - 3 potions of heal wounds {unknown}
 k - 2 potions of haste {unknown}
 m - 2 potions of ambrosia {unknown}
 n - a potion of magic {unknown}
 p - a potion of cancellation {unknown}
 r - a potion of curing {unknown}
 t - a potion of berserk rage {unknown}


   Skills:
 - Level 3.6 Fighting
 * Level 6.5 Axes
 - Level 3.2 Armour
 + Level 4.8 Shields


You had 4 spell levels left.
You didn't know any spells.
Your spell library contained the following spells:

 Spells                   Type           Power      Damage    Failure   Level
 Blink                    Tloc           N/A        N/A       88%         2
 Lesser Beckoning         Tloc           0%         N/A       98%         3
 Manifold Assault         Tloc           0%         N/A       100%        5


Dungeon Overview and Level Annotations

Branches:
Dungeon (4/15)
 Temple: D:4-7

Altars:
Makhleb
Ru
Wu Jian

Annotations:
D:4 Natasha


Message History

You hit Natasha but do no damage.
Natasha is almost dead.
Natasha casts a spell at you. The magic dart hits you. Natasha claws you.
You hit Natasha.
Natasha is almost dead.
Natasha closely misses you.
You closely miss Natasha.
Natasha is almost dead.
Natasha stares at you and mumbles some strange words.
The magic dart hits you!
* * * LOW HITPOINT WARNING * * *
You closely miss Natasha.
Natasha is almost dead.
Natasha stares at you and mumbles some strange words.
The magic dart hits you.
* * * LOW HITPOINT WARNING * * *
You barely miss Natasha.
Natasha is almost dead.
Natasha misses you.
You barely miss Natasha.
Natasha is almost dead.
Natasha casts a spell. x2
You hit Natasha.
Natasha is almost dead.
You hit the crimson imp. Natasha claws you but does no damage.
The crimson imp hits you but does no damage.
You hit Natasha but do no damage.
Natasha is almost dead.
You hit the crimson imp but do no damage.
The white imp spits at you.
The crimson imp hits you but does no damage.
Natasha claws you.
* * * LOW HITPOINT WARNING * * *
You barely miss Natasha.
Natasha is almost dead.
You miss the crimson imp. You hit the white imp but do no damage.
The white imp gestures at you. The puff of frost hits you.
You die...

......... ....... . ......
#. #....# #.##....## ###
#........# ... #.....h5.#
... #.....@..# .. .
#.....5..# )... #..###'###
...#
#..##...###...#########
...............#........
#.................#........
#.................+........
#.................#........
#
#.....####..###..###......


You could see Natasha, a crimson imp (summoned) and a white imp (summoned).

Vanquished Creatures
  2 jellies
  7 adders
  A worm (D:3)
  3 dart slugs
  8 bats
  8 endoplasms
  A giant cockroach (D:4)
  3 goblins
  8 hobgoblins
  7 jackals (D:1)
  5 kobolds
  4 quokkas
  3 ball pythons
  4 frilled lizards
  5 rats
69 creatures vanquished.

Notes
Turn   | Place    | Note
-------+----------+-------------------------------------------
     0 | D:1      | Crownlay the Hill Orc Fighter began the quest for the Orb.
     0 | D:1      | Reached XP level 1. HP: 19/19 MP: 1/1
    79 | D:1      | Reached skill level 3 in Axes
    85 | D:1      | Reached XP level 2. HP: 20/26 MP: 2/2
   325 | D:1      | Reached skill level 4 in Axes
   326 | D:1      | Reached XP level 3. HP: 17/31 MP: 3/3
   583 | D:1      | Found a faded altar of an unknown god.
  1330 | D:2      | Found a burning altar of Makhleb.
  1599 | D:2      | Reached XP level 4. HP: 23/39 MP: 4/4
  1990 | D:2      | Reached skill level 5 in Axes
  2931 | D:3      | Found a sacrificial altar of Ru.
  3393 | D:3      | Reached XP level 5. HP: 45/45 MP: 5/5
  3401 | D:3      | Reached skill level 6 in Axes
  3653 | D:4      | Found an ornate altar of the Wu Jian Council.
  3955 | D:4      | Noticed Natasha
  3975 | D:4      | Killed from afar by a white imp

Illustrated notes

Levels and vault maps discovered:
D:1:      psy_arrival_basics, layout_basic,
          dreamdust_ecumenical_altar_sealed_demon
D:2:      layout_loops_corners, basic_altar
D:3:      layout_loops_ring, nicolae_overflow_crystal_walls
D:4:      layout_gridville, nzn_wu_jian_council_hall, fedhas_altar_2,
          minmay_increasing_density, uniq_natasha, uniq_duvessa

Skill      XL: |  1  2  3  4  5 |
---------------+----------------+-----
Axes           | 3 4 5 6 |  6.5
Shields        | 4 |  4.8
Fighting       | |  3.6
Armour         | |  3.2

Action                   |  1- 3 |  4- 6 || total
-------------------------+-------+-------++-------
Melee: War axe           |    88 |   131 ||   219
Armor: Scale mail        |    57 |    58 ||   115
Dodge: Dodged            |    58 |    67 ||   125
